 Dungeon Crawl Stone Soup version 0.25-a0-860-gf695395b5c (webtiles) character file.

Game seed: 5444577164972629580, levelgen mode: deterministic

506 MisterFreud the Ducker (level 6, 0/28 HPs)
             Began as a Felid Abyssal Knight on Apr 27, 2020.
             Was a Priest of Lugonu.
             Slain by a sky beast (3 damage)
             ... on level 5 of the Dungeon.
             The game lasted 00:23:08 (7274 turns).

MisterFreud the Ducker (Felid Abyssal Knight)       Turns: 7274, Time: 00:23:09

Health: 0/28       AC:  2    Str:  8    XL:     6   Next: 97%
Magic:  11/11      EV: 22    Int: 13    God:    Lugonu [***...]
Gold:   231        SH:  0    Dex: 18    Spells: 5/5 levels left
                                        Lives:  0   Deaths: 2

rFire    . . .     SeeInvis +     - Unarmed
rCold    . . .     Gourm    .   (shield unavailable)
rNeg     . . .     Faith    .   (armour unavailable)
rPois    .         Spirit   .   (helmet unavailable)
rElec    .         Reflect  .   (cloak unavailable)
rCorr    .         Harm     .   (gloves unavailable)
MR       .....                  (boots unavailable)
Stlth    +++.......             (no amulet)
HPRegen  0.09/turn              (no ring)
MPRegen  0.12/turn              (no ring)

@: quick
A: very small, no armour, no weapons or thrown items, stealth, claws 1, fangs 3,
see invisible, carnivore, speed 1, shaggy fur 2, slow metabolism 1, sharp paws
a: Depart the Abyss, Bend Space, Banish, Renounce Religion


You were on level 5 of the Dungeon.
You worshipped Lugonu.
Lugonu was most pleased with you.
You were full.

You visited 1 branch of the dungeon, and saw 5 of its levels.
You visited the Abyss 1 time.

You collected 231 gold pieces.

Inventory:

Jewellery
 c - an uncursed ring of ice
Potions
 b - a potion of degeneration
 e - 2 potions of flight
 f - a potion of magic {unknown}
 g - 2 potions of cancellation
 h - a potion of stabbing {unknown}
Comestibles
 a - 7 rations


   Skills:
 + Level 4.1 Fighting
 + Level 6.0 Dodging
 + Level 4.1 Stealth
 + Level 4.1 Unarmed Combat
 - Level 6.0 Invocations


You had 5 spell levels left.
You didn't know any spells.
Your spell library was empty.

Dungeon Overview and Level Annotations

Branches:
Dungeon (5/15)
 Temple: D:4-7

Altars:
Elyvilon
Fedhas
Kikubaaqudgha
Nemelex Xobeh
Okawaru
Trog
Wu Jian

Annotations:
D:2 Crazy Yiuf
D:3 Grinder
D:4 Dowan, Duvessa


Innate Abilities, Weirdness & Mutations

You cannot wear armour.
You are incapable of wielding weapons or throwing items.
Your paws allow you to move quietly. (Stealth)
You have sharp claws.
You have razor-sharp teeth.
You have supernaturally acute eyesight. (SInv)
You are carnivorous and can eat meat at any time.
You cover ground quickly.
You are covered in thick fur. (AC +2)
You have a slow metabolism.
Your sharp claws are effective at attacking unaware monsters.


Message History

You closely miss the sky beast.
The sky beast is severely wounded.
The sky beast hits you.
* * * LOW HITPOINT WARNING * * *
The sky beast shocks you.
* * * LOW HITPOINT WARNING * * *
You closely miss the sky beast.
The sky beast is severely wounded.
The sky beast hits you but does no damage.
Unknown command.
Unknown command.
You barely miss the sky beast.
The sky beast is severely wounded.
The sky beast completely misses you.
You closely miss the sky beast.
The sky beast is severely wounded.
You scratch the sky beast.
The sky beast is almost dead.
The sky beast hits you.
You die...

##..#,,*,*,,**,,,,,,,,***,,,,,*#.
#..#,*,*,*,**,,*,,*,,**,,*,*,,#.
#..#,,*,*,,+,,,,**,,,,+,,,,,,,#.
#..#*,,,,,***,,*,,*,,*********#.
##..###,,,** *,,,,,,,,*,,,,,* #.
......##+#####*,,,,,,**,,,,,** #.
##.##.##......*,,,,,,*,,*,*,,###.
#.##.##...$..########,,,*,,,#...
##.##)##,,*#..WY@....+,,*,*,,#...
.......#,,*#$.####'####,,,,,*#...
....####,.$...* ##....##,,,**###.
......##......*##......##,**####.
......########*#..#..#..#** #....
......# *,#...##...########.
.#....# *.#...##.[.#........
.###### *.#..#..#..#....###.
รท########## *.##......##.##.# #.


You could see a phantom and a sky beast (invisible).

Vanquished Creatures
  Sigmund (D:3)
  An ogre (D:5)
  Blork the orc (D:4)
  A howler monkey (D:4)
  2 crimson imps (D:5)
  2 hounds (D:5)
  An orc priest (D:3)
  2 orc wizards
  A bullfrog skeleton (D:5)
  An iguana (D:5)
  Natasha (thrice) (D:3)
  A worker ant (D:4)
  A killer bee zombie (D:5)
  A hound skeleton (D:5)
  7 adders
  3 worms
  4 dart slugs
  11 orcs
  6 giant cockroaches
  5 goblins
  8 hobgoblins
  8 jackals
  2 quokkas
  A ball python (D:1)
  4 bats
  9 frilled lizards
  A jackal skeleton (D:4)
  A jackal zombie (D:5)
  6 kobolds
  A leopard gecko skeleton (D:4)
  A quokka skeleton (D:4)
  10 rats
107 creatures vanquished.

Notes
Turn   | Place    | Note
-------+----------+-------------------------------------------
     0 | Abyss:1  | MisterFreud the Felid Abyssal Knight began the quest for
                  | the Orb.
     0 | Abyss:1  | Reached XP level 1. HP: 10/10 MP: 3/3
    14 | D:1      | Escaped the Abyss
   210 | D:1      | Reached XP level 2. HP: 9/14 MP: 4/4
   738 | D:1      | Reached skill level 1 in Stealth
   750 | D:1      | Reached ** piety under Lugonu
   796 | D:1      | Reached XP level 3. HP: 18/18 MP: 5/5
  2112 | D:2      | Reached XP level 4. HP: 20/22 MP: 6/6
  2779 | D:2      | You fall into a shaft and drop 2 floors!
  2790 | D:4      | Noticed Blork the orc
  2817 | D:4      | Killed Blork the orc
  2817 | D:4      | Reached XP level 5. HP: 17/25 MP: 7/7
  3024 | D:4      | Noticed Duvessa
  3025 | D:4      | Noticed Dowan
  3046 | D:5      | Entered Level 5 of the Dungeon
  3096 | D:3      | Noticed Sigmund
  3143 | D:3      | HP: 1/25 [Sigmund/magic dart (7)]
  3195 | D:2      | Found a runed translucent door.
  3196 | D:2      | Noticed Crazy Yiuf
  3457 | D:3      | Noticed Natasha
  3706 | D:3      | Killed Natasha
  3766 | D:3      | Found a bloodstained altar of Trog.
  3804 | D:3      | Noticed Grinder
  4150 | D:4      | Found a blossoming altar of Fedhas.
  4398 | D:3      | Found an iron altar of Okawaru.
  4403 | D:3      | Found a white marble altar of Elyvilon.
  4406 | D:3      | Found an ornate altar of the Wu Jian Council.
  4411 | D:3      | Reached skill level 5 in Dodging
  4438 | D:3      | Noticed Natasha
  4448 | D:3      | Killed Natasha
  4545 | D:3      | Gained mutation: You are covered in thick fur. (AC +2)
                  | [Felid growth]
  4545 | D:3      | Reached XP level 6. HP: 22/28 MP: 8/8
  4567 | D:3      | Reached *** piety under Lugonu
  4818 | D:3      | Killed from afar by Grinder
  4819 | D:3      | Reached XP level 5. HP: -5/25 MP: 7/7
  4941 | D:3      | Noticed Natasha
  4952 | D:3      | Killed Natasha
  5213 | D:3      | Killed Sigmund
  5213 | D:3      | Reached XP level 6. HP: 28/28 MP: 7/9
  5809 | D:4      | Found an ancient bone altar of Kikubaaqudgha.
  5814 | D:4      | Found a sparkling altar of Nemelex Xobeh.
  6114 | D:5      | Reached XP level 7. HP: 30/32 MP: 11/11
  6267 | D:5      | HP: 1/32 [scorpion (8)]
  6268 | D:5      | Succumbed to a scorpion's poison
  6269 | D:5      | Reached XP level 6. HP: 0/28 MP: 10/10
  6290 | D:5      | Reached skill level 5 in Invocations
  7239 | D:5      | Noticed a sky beast
  7274 | D:5      | Slain by a sky beast

Levels and vault maps discovered:
D:1:      doesnt_arrival_eight_statues, layout_loops_corners,
          minmay_close_crescents
D:2:      layout_basic, grunt_ministairs_13, uniq_crazy_yiuf_cottage
D:3:      layout_loops_ring, gammafunk_temple_overflow_claw, first_ration,
          trog_three_pillars_becter, uniq_natasha, uniq_sigmund, uniq_grinder
D:4:      wad_crossroads, layout_basic, minitemple, fedhas_ov_isle_minmay,
          uniq_duvessa, uniq_blork_the_orc
D:5:      minmay_polygon_palace, layout_basic, chequers_hall_statues_wall_a

Skill      XL: |  1  2  3  4  5  6 |
---------------+-------------------+-----
Stealth        | 1 2 3 4 |  4.1
Fighting       | 4 |  4.1
Dodging        | 4 6 |  6.0
Unarmed Combat | 3 4 |  4.1
Invocations    | 3 6 |  6.0

Action                   |  1- 3 |  4- 6 |  7- 9 || total
-------------------------+-------+-------+-------++-------
Melee: Unarmed           |   126 |   380 |    14 ||   520
       Bite              |    11 |    37 |     4 ||    52
       Punch             |     1 |     7 |       ||     8
  Use: Scroll            |     3 |     7 |       ||    10
       Potion            |       |     6 |     1 ||     7
 Stab: Sleeping          |     6 |     8 |       ||    14
       Distracted        |       |     2 |       ||     2
  Eat: Chunk             |     9 |    16 |     3 ||    28
Armor: Skin              |     9 |    13 |       ||    22
Dodge: Dodged            |   107 |   296 |    10 ||   413

Table legend:
 A = Non-vault XP
 B = Vault XP
 C = Vault XP percentage of total XP
 D = Non-vault monster count
 E = Vault monster count
 F = Vault count percentage of total count
                 A         B        C        D         E       F
            +---------+---------+-------+---------+---------+-------
      Total |     835 |     466 |  35.8 |      91 |      16 |  15.0
            +---------+---------+-------+---------+---------+-------
        D:1 |      46 |       6 |  11.5 |      29 |       5 |  14.7
        D:2 |      83 |      14 |  14.4 |      19 |       2 |   9.5
        D:3 |     197 |     255 |  56.4 |      18 |       2 |  10.0
        D:4 |      97 |     101 |  51.0 |       9 |       2 |  18.2
        D:5 |     412 |      90 |  17.9 |      16 |       5 |  23.8
            +---------+---------+-------+---------+---------+-------
